 Dungeon Crawl Stone Soup version 0.30-a0-365-ge7f957f1db (webtiles) character file.

Game seed: 5938712926739321648

71 gruber the Insei (level 4, -12/33 HPs)
             Began as an Octopode Monk on Nov 16, 2022.
             Mangled by a gnoll
             ... wielding a +0 halberd
              (17 damage)
             ... on level 2 of the Dungeon.
             The game lasted 00:01:33 (800 turns).

gruber the Insei (Octopode Monk)                     Turns: 800, Time: 00:01:34

Health: -12/33     AC:  1    Str: 10    XL:     4   Next: 24%
Magic:  4/4        EV: 14    Int: 14    God:
Gold:   21         SH:  0    Dex: 20    Spells: 3/3 levels left

rFire   . . .      SeeInvis .      - Unarmed
rCold   . . .      Faith    .    (no shield)
rNeg    . . .      Spirit   .    (helmet restricted)
rPois   .          Reflect  .    b - amulet of magic regeneration
rElec   .          Harm     .    g - +6 ring of dexterity
rCorr   .          Rampage  .    (no ring)
Will    .....                    (no ring)
Stlth   ++........               (no ring)
HPRegen 0.25/turn                (no ring)
MPRegen 0.49/turn                (no ring)
                                 (no ring)
                                 (no ring)

@: confused, ambrosia-drunk
A: almost no armour, amphibious, 8 rings, camouflage 1, gelatinous body 1,
(nimble swimmer 1), tentacles
a: no special abilities


You were on level 2 of the Dungeon.
You visited 1 branch of the dungeon, and saw 2 of its levels.

You collected 21 gold pieces.

Inventory:

Missiles
 i - 6 datura-tipped darts (quivered)
Jewellery
 b - an amulet of magic regeneration (around mantle)
 g - a +6 ring of dexterity (left tentacle)
Scrolls
 f - a scroll of magic mapping {unknown}
 h - a scroll of identify {unknown}
Potions
 c - a potion of curing {unknown}
 d - a potion of resistance {unknown}
 e - 2 potions of degeneration {unknown}


   Skills:
 + Level 3.8 Fighting
 - Level 3.0 Dodging
 - Level 2.6 Stealth
 + Level 4.3 Unarmed Combat


You had 3 spell levels left.
You didn't know any spells.
Your spell library was empty.

Dungeon Overview and Level Annotations

Branches:
Dungeon (2/15)

Altars:


Innate Abilities, Weirdness & Mutations

You cannot wear most types of armour.
You are amphibious.
You can wear up to eight rings at the same time.
Your skin changes colour to match your surroundings (Stealth+).
Your rubbery body absorbs attacks. (AC +1, EV +1)
((You are camouflaged when in or above water. (Stealth+)))
You have tentacles for arms and can constrict up to eight enemies at once.


Message History

The gnoll hits you from afar with a +0 halberd.
The adder bites you.
You are too injured to fight recklessly!
You are too injured to fight recklessly!
Unknown command.
You tentacle-slap the adder. You squeeze the adder.
You kill the adder!
You feel sick.
You have reached level 4!
You feel sick.
You feel sick.
The gnoll shouts!
You tentacle-slap the gnoll. You grab the gnoll.
The gnoll is lightly wounded.
You constrict the gnoll, but do no damage.
You feel sick. The gnoll hits you with a +0 club.
* * * LOW HITPOINT WARNING * * *
The gnoll hits you from afar with a +0 spear.
* * * LOW HITPOINT WARNING * * *
You tentacle-slap the gnoll. You squeeze the gnoll!
You kill the gnoll!
You feel sick.
The gnoll hits you from afar with a +0 spear.
* * * LOW HITPOINT WARNING * * *
* * * LOW HITPOINT WARNING * * *
You feel sick. The gnoll closely misses you. x2
There is an open door here.
Things that are here:
a +0 club; an adder corpse Unknown command.
You are confused.
You feel invigorated.
You feel sick.
You are no longer poisoned.
The gnoll misses you. x2
Unknown command.
The gnoll hits you with a +0 spear.
* * * LOW HITPOINT WARNING * * *
The gnoll hits you from afar with a +0 halberd!
Ouch! That really hurt!
You die...

#....[......#
##...$.......#
#.........$..# ######
#..........#.. .....#
#.....[....##.# .....#
#.............. .....#
#......gg..##.#
.....###########g####
........# #@# ..†..##.#
♣♣♣.♣♣♣ .....##.#
♣♣.....♣♣ ####.##.#
♣♣.......♣♣ ..<#.##.#
♣♣....♣....♣♣
####.##.##♣...##.##...♣
..##.[#♣...#...#...♣
####.##♣..♣..♣..♣..♣
#.# ♣...#...#...♣


You could see 3 gnolls.

Vanquished Creatures
  2 adders (D:2)
  A gnoll (D:2)
  A dart slug (D:2)
  9 bats (D:1)
  5 endoplasms
  2 giant cockroaches
  4 goblins (D:1)
  4 hobgoblins
  2 jackals (D:1)
  3 kobolds (D:1)
  4 ball pythons (D:1)
  A frilled lizard (D:1)
  3 rats
41 creatures vanquished.

Vanquished Creatures (others)
  2 fungi (D:2)
  2 plants (D:2)
4 creatures vanquished.

Grand Total: 45 creatures vanquished

Notes
Turn   | Place    | Note
-------+----------+-------------------------------------------
     0 | D:1      | gruber the Octopode Monk began the quest for the Orb.
     0 | D:1      | Reached XP level 1. HP: 16/16 MP: 1/1
    70 | D:1      | Reached XP level 2. HP: 14/21 MP: 2/2
   284 | D:1      | Reached XP level 3. HP: 26/26 MP: 3/3
   718 | D:2      | Reached skill level 4 in Unarmed Combat
   794 | D:2      | Reached XP level 4. HP: 14/33 MP: 4/4
   798 | D:2      | HP: 1/33 [poisoned by an adder]
   800 | D:2      | Mangled by a gnoll

Illustrated notes

Levels and vault maps discovered:
D:1:      dpeg_arrival_water_temple_mockup, layout_rooms, nrook_campfire
D:2:      layout_basic, shapermc_ecumenical_altar_rom_forum,
          kennysheep_generic_room_2, uniq_jessica

Skill      XL: |  1  2  3 |
---------------+----------+-----
Unarmed Combat | 4 |  4.3
Fighting       | |  3.8
Dodging        | |  3.0
Stealth        | |  2.6

Action                   |  1- 3 |  4- 6 || total
-------------------------+-------+-------++-------
Melee: Unarmed           |    94 |     2 ||    96
       Tentacles         |    17 |     1 ||    18
       Constrict         |    21 |     1 ||    22
       Punch             |     2 |       ||     2
  Use: Potion            |       |     1 ||     1
 Stab: Sleeping          |     4 |       ||     4
Armor: Skin              |    17 |       ||    17
Dodge: Dodged            |    94 |     4 ||    98

Table legend: (Time is in decaauts)
 A = Elapsed time spent in this place.
 B = Non-inter-level travel time spent in this place.
 C = Inter-level travel time spent in this place.
 D = Time resting spent in this place.
 E = Time spent auto-exploring this place.
 F = Levels seen in this place.
 G = Mean time per level.
                   A        B        C        D        E       F      G
               +--------+--------+--------+--------+--------+-----+--------+
         Total |    793 |    751 |     42 |      0 |    491 |   2 |  396.5 |
       Dungeon |    793 |    751 |     42 |      0 |    491 |   2 |  396.5 |
               +--------+--------+--------+--------+--------+-----+--------+

Top non-repeatable levels by time:
     D:1: 659 daAuts
     D:2: 134 daAuts
